 Dungeon Crawl Stone Soup version 0.31-a0-237-g2d982f9f85 (webtiles) character file.

Game seed: 16753387948132816644

385 qw the Shooter (level 6, -3/52 HPs)
             Began as a Minotaur Hexslinger on July 11, 2023.
             Slain by an ogre
             ... wielding a +0 giant club
              (19 damage)
             ... on level 4 of the Dungeon.
             The game lasted 00:01:10 (2672 turns).

qw the Shooter (Minotaur Hexslinger)                Turns: 2672, Time: 00:01:10

Health: -3/52      AC:  6    Str: 11    XL:     6   Next: 48%
Magic:  6/6        EV: 10    Int: 14    God:
Gold:   231        SH:  0    Dex: 14    Spells: 6/7 levels left

rFire   . . .        Y - +1 sling
rCold   . . .        (no shield)
rNeg    . . .        f - +0 ring mail
rPois   .            (helmet restricted)
rElec   .            (no cloak)
rCorr   .            j - +0 pair of gloves
SInv    .            (no boots)
Will    .....        (no amulet)
Stlth   +            (no ring)
HPRegen 0.28/turn    (no ring)
MPRegen 0.10/turn

%: no passive effects
@: no status effects
A: horns 2, retaliatory headbutt, hooves 1, clever 1, mutation resistance 1
a: no special abilities


You were on level 4 of the Dungeon.
You visited 1 branch of the dungeon, and saw 4 of its levels.

You collected 231 gold pieces.


Innate Abilities, Weirdness & Mutations

You have a pair of horns on your head.
You reflexively headbutt those who attack you in melee.
You have large cloven feet.
Your mind is acute. (Int +4, Str/Dex -1)
You are somewhat resistant to further mutation.


   Skills:
 - Level 4.0 Fighting
 + Level 6.6 Ranged Weapons
 - Level 1.0 Armour
 - Level 2.1 Dodging
 - Level 1.0 Spellcasting
 - Level 2.0 Hexes


You had 6 spell levels left.
You knew the following spells:

 Your Spells              Type           Power      Damage    Failure   Level
a - Slow                  Hex            24%        N/A       26%         1

Your spell library contained the following spells:

 Spells                   Type           Power      Damage    Failure   Level
 Inner Flame              Hex/Fire       3%         N/A       77%         3
 Portal Projectile        Hex/Tloc       6%         N/A       77%         3
 Cause Fear               Hex            3%         N/A       95%         4

Inventory:

Hand Weapons
 Y - a +1 sling (weapon)
Armour
 f - a +0 ring mail (worn)
 j - a +0 pair of gloves (worn)
Wands
 c - a wand of digging (3)
Scrolls
 d - a scroll of torment {unknown}
 g - a scroll of identify
 n - a scroll of revelation {unknown}
Potions
 a - a potion of lignification {unknown}
 b - a potion of mutation
 e - a potion of might {unknown}
 h - 2 potions of heal wounds
 i - a potion of invisibility {unknown}
 k - 2 potions of curing {unknown}
 l - a potion of haste
 m - a potion of enlightenment {unknown}

Dungeon Overview and Level Annotations

Branches:
Dungeon (4/15)
 Temple: D:4-7

Altars:


Message History

The hobgoblin is lightly wounded.
You shoot a sling bullet. The sling bullet hits the hobgoblin.
The hobgoblin is almost dead.
You shoot a sling bullet.
The sling bullet completely misses the hobgoblin.
The hobgoblin misses you.
You shoot a sling bullet.
The sling bullet barely misses the hobgoblin.
The hobgoblin hits you but does no damage. x2
You shoot a sling bullet. The sling bullet hits the hobgoblin.
You kill the hobgoblin!
k - 2 bubbling silvery potions (gained 1)
You see here a wand of roots (12).
You now have 227 gold pieces (gained 6).
You see here a +0 dagger.
An ogre comes into view. It is wielding a +0 giant club.
The ogre shouts!
The ogre moves out of view.
You now have 231 gold pieces (gained 4).
Enter note:
Enter note:
Enter note:
Enter note: You shoot a sling bullet.
The sling bullet hits the ogre.
The ogre is lightly wounded.
You shoot a sling bullet. The sling bullet hits the ogre!
The ogre is moderately wounded.
You shoot a sling bullet. The sling bullet hits the ogre!
The ogre is severely wounded.
The ogre hits you with a +0 giant club!
You shoot a sling bullet. The sling bullet hits the ogre.
The ogre is severely wounded.
The ogre hits you with a +0 giant club!!
You shoot a sling bullet. The sling bullet hits the ogre.
The ogre is almost dead.
The ogre hits you with a +0 giant club!
You shoot a sling bullet. The sling bullet hits the ogre.
The ogre is almost dead.
The ogre hits you with a +0 giant club!!
You die...

...%.......# ... ......
...........##
....#........#..........
....#........#..........
##.............##....###
#.......#>......#.......
?.......#....#.....#..##
.......O.....#....##...#
.......@.....#...###..##
.......)...#.....#......
..........%..#.#........
.............####.......
......./...### #.......
...##......# #.#.....
... #.###.## #.##.... #.
## ..# #.#..... ##..
##.......


You could see an ogre.

Vanquished Creatures
  A black bear (D:4)
  A phantom (D:4)
  A scorpion (D:3)
  A sleepcap (D:4)
  An iguana (D:4)
  4 adders
  A dart slug (D:4)
  8 ball pythons
  9 endoplasms
  5 giant cockroaches
  8 goblins
  9 hobgoblins
  5 quokkas
  5 bats
  2 frilled lizards
  6 kobolds
  6 rats
73 creatures vanquished.

Notes
Turn   | Place    | Note
-------+----------+-------------------------------------------
     0 | D:1      | qw the Minotaur Hexslinger began the quest for the Orb.
     0 | D:1      | Reached XP level 1. HP: 16/16 MP: 1/1
     0 | D:1      | 0 ||| qw: Version: 0.3-a-52-g30416fa
     0 | D:1      | 0 ||| qw: Game counter: 5775
     0 | D:1      | 0 ||| qw: Melee chars always use a shield: true
     0 | D:1      | 0 ||| qw: God list: Okawaru
     0 | D:1      | 0 ||| qw: Allow faded altars: false
     0 | D:1      | 0 ||| qw: Do Orc after clearing Dungeon:15 true
     0 | D:1      | 0 ||| qw: Do second Lair branch before Depths: true
     0 | D:1      | 0 ||| qw: Lair rune preference: random
     0 | D:1      | 0 ||| qw: Goals: Normal
     0 | D:1      | 0 ||| PLANNING D:1-11
   169 | D:1      | Reached skill level 3 in Ranged Weapons
   171 | D:1      | Reached XP level 2. HP: 23/23 MP: 2/2
   449 | D:1      | You fall into a shaft and drop 1 floor!
   492 | D:2      | Reached XP level 3. HP: 17/29 MP: 3/3
   564 | D:2      | HP: 7/29 [poisoned by an adder]
   567 | D:2      | Reached skill level 4 in Ranged Weapons
   567 | D:2      | HP: 3/29 [poisoned by an adder]
   569 | D:2      | HP: 1/29 [poisoned by an adder]
   584 | D:2      | HP: 4/29 [kobold/stone (1)]
   819 | D:2      | 819 ||| UPGRADING to +0 ring mail.
   829 | D:2      | 829 ||| DROPPING +0 robe.
   830 | D:2      | 830 ||| UPGRADING to +0 pair of gloves.
   835 | D:2      | 835 ||| READING scroll labelled PUUWNI KAUDDOEMO.
   836 | D:2      | 836 ||| READING 3 scrolls labelled XAAKHL WEDE.
   837 | D:2      | 837 ||| READING scroll labelled MATUN LY SENY.
   838 | D:2      | 838 ||| READING scroll labelled HUPEIZX SAEKO.
   839 | D:2      | 839 ||| DRINKING 2 fizzy blue potions.
   840 | D:2      | 840 ||| READING 2 scrolls of identify.
   840 | D:2      | 840 ||| IDENTIFYING glowing puce potion
   841 | D:2      | 841 ||| DROPPING scroll of poison.
   842 | D:2      | 842 ||| DROPPING potion of degeneration.
  1148 | D:1      | 1148 ||| READING 2 scrolls of identify.
  1148 | D:1      | 1148 ||| IDENTIFYING puce potion
  1149 | D:1      | 1149 ||| DROPPING potion of attraction.
  1202 | D:2      | Reached skill level 1 in Armour
  1207 | D:2      | Reached XP level 4. HP: 31/36 MP: 4/4
  1667 | D:2      | 1667 ||| READING scroll labelled WOCIKU ICZIAL.
  1668 | D:2      | 1668 ||| READING 2 scrolls labelled UGYTAR ATRI.
  1669 | D:2      | 1669 ||| READING scroll labelled NAEFAT ZUUSAF.
  1670 | D:2      | 1670 ||| DRINKING 2 fuming red potions.
  1670 | D:2      | Gained mutation: You have large cloven feet. [potion of
                  | mutation]
  1670 | D:2      | Gained mutation: Your mind is acute. (Int +4, Str/Dex -1)
                  | [potion of mutation]
  1670 | D:2      | Gained mutation: You are somewhat resistant to further
                  | mutation. [potion of mutation]
  1671 | D:2      | 1671 ||| DROPPING scroll of amnesia.
  2084 | D:3      | 2084 ||| Stepping ~*~*~tactically~*~*~ (outnumbered).
  2284 | D:3      | 2284 ||| READING 2 scrolls labelled ROFFOFEYNA.
  2289 | D:3      | 2289 ||| READING scroll labelled VOCSUL GASYNUI.
  2290 | D:3      | 2290 ||| DRINKING 2 black potions.
  2312 | D:4      | Noticed a scorpion
  2319 | D:4      | 2319 ||| STAIRDANCE
  2329 | D:3      | HP: 8/36 [scorpion (2)]
  2330 | D:3      | 2330 ||| READING scroll of teleportation.
  2331 | D:3      | 2331 ||| DRINKING 3 potions of heal wounds.
  2335 | D:3      | Killed a scorpion
  2336 | D:3      | Reached skill level 5 in Ranged Weapons
  2336 | D:3      | Reached XP level 5. HP: 37/41 MP: 5/5
  2377 | D:4      | Noticed a black bear
  2385 | D:4      | Killed a black bear
  2458 | D:4      | Noticed a phantom
  2467 | D:4      | Killed a phantom
  2468 | D:4      | Reached skill level 6 in Ranged Weapons
  2468 | D:4      | Reached XP level 6. HP: 27/52 MP: 6/6
  2672 | D:4      | Slain by an ogre

Levels and vault maps discovered:
D:1:      evilmike_arrival_fibonacci_small, layout_loops_ring,
          minmay_indecisive_spiral
D:2:      layout_loops_ring, chequers_serial_rivers_micro_a, skrybe_limestone_x
D:3:      minmay_evil_eye, layout_basic, grunt_decor_one_mirror
D:4:      layout_cave_pools, overflow_temple_1_default,
          minmay_temple_entry_glassed_door, uniq_menkaure, uniq_edmund

Skill      XL: |  1  2  3  4  5 |
---------------+----------------+-----
Ranged Weapons | 3 4 5 6 |  6.6
Fighting       | 2 4 |  4.0
Armour         | 1 |  1.0
Dodging        | |  2.1
Spellcasting   | |  1.0
Hexes          | |  2.0

Action                     |  1- 3 |  4- 6 || total
---------------------------+-------+-------++-------
   Fire: Sling             |   117 |   157 ||   274
    Use: Scroll            |     6 |     6 ||    12
         Potion            |     1 |     3 ||     4
 Armour: Robe              |     8 |       ||     8
         Ring mail         |     5 |    36 ||    41
  Dodge: Dodged            |    40 |    55 ||    95

Table legend:
 A = Non-vault XP
 B = Vault XP
 C = Vault XP percentage of total XP
 D = Non-vault monster count
 E = Vault monster count
 F = Vault count percentage of total count
                 A         B        C        D         E       F
            +---------+---------+-------+---------+---------+-------
      Total |     526 |      24 |   4.4 |      65 |       8 |  11.0
            +---------+---------+-------+---------+---------+-------
        D:1 |      34 |       6 |  15.0 |      20 |       4 |  16.7
        D:2 |      80 |       0 |   0.0 |      25 |       0 |   0.0
        D:3 |      94 |      18 |  16.1 |       9 |       4 |  30.8
        D:4 |     318 |       0 |   0.0 |      11 |       0 |   0.0
            +---------+---------+-------+---------+---------+-------
